 Dungeon Crawl Stone Soup version 0.30.1-4-g462c640d31 (webtiles) character file.

Game seed: 8520201937120201633

28 Babbit the Charlatan (level 2, -3/14 HPs)
             Began as a Spriggan Artificer on Aug 20, 2023.
             Slain by an orc priest
             ... wielding a +0 whip
              (4 damage)
             ... on level 2 of the Dungeon.
             The game lasted 00:05:35 (1252 turns).

Babbit the Charlatan (Spriggan Artificer)           Turns: 1252, Time: 00:05:36

Health: -3/14      AC:  3    Str:  8    XL:     2   Next: 96%
Magic:  3/3        EV: 18    Int: 12    God:
Gold:   73         SH:  0    Dex: 15    Spells: 1/1 levels left

rFire   . . .        g - +0 short sword (vamp)
rCold   . . .        (no shield)
rNeg    . . .        b - +1 robe
rPois   .            (helmet restricted)
rElec   .            (no cloak)
rCorr   .            (gloves unavailable)
SInv    +            (boots unavailable)
Will    .....        (no amulet)
Stlth   ++           (no ring)
HPRegen 0.22/turn    (no ring)
MPRegen 0.08/turn

%: no passive effects
@: very quick
A: very small, no large weapons, unfitting armour, see invisible, speed 3
a: no special abilities


You were on level 2 of the Dungeon.
You visited 1 branch of the dungeon, and saw 2 of its levels.

You collected 73 gold pieces.

Inventory:

Hand Weapons
 a - a +0 club
 g - a +0 vampiric short sword (weapon)
Armour
 b - a +1 robe (worn)
Wands
 d - a wand of charming (15)
Scrolls
 f - a scroll of fog {unknown}
 h - 2 scrolls of identify {unknown}
 i - a scroll of immolation {unknown}
Potions
 c - a potion of heal wounds {unknown}
 e - 2 potions of attraction {unknown}


   Skills:
 + Level 0.9 Fighting
 + Level 3.7 Dodging
 + Level 2.1 Stealth
 + Level 4.9 Evocations


You had one spell level left.
You didn't know any spells.
Your spell library was empty.

Dungeon Overview and Level Annotations

Branches:
Dungeon (2/15)

Altars:
Lugonu

Shops:
D:1 [

Portals:
Abyss: D:1

Annotations:
D:1 2 runed translucent doors


Innate Abilities, Weirdness & Mutations

You are very small and have problems with some larger weapons.
You are too small for most types of armour.
You have supernaturally acute eyesight. (SInv)
You cover ground extremely quickly. (Speed+++)


Message History

There is an escape hatch in the floor here.
h - 2 scrolls labelled MECEOMYXOY (gained 1)
A worm comes into view.
The worm moves out of view.
c - a ruby potion An endoplasm and a rat come into view. 2 orcs come into view.
Found a long sword.
The orc shouts!
An orc, an orc priest and an orc wizard come into view.
Found 14 gold pieces.
The orc shouts!
The orc wizard shouts!
The endoplasm quivers.
You closely miss the rat. The rat misses you.
You hit the rat.
You kill the rat!
You hit the orc.
The orc is lightly wounded.
The orc closely misses you.
You hit the orc.
The orc is heavily wounded.
The endoplasm barely misses you.
You hit the orc.
The orc is almost dead.
The orc completely misses you. The endoplasm freezes you.
You are frozen.
The orc priest calls down the wrath of Beogh upon you.
Beogh smites you!
Ouch! That really hurt!
* * * LOW HITPOINT WARNING * * *
You are too injured to fight recklessly!
You are too injured to fight recklessly!
You hit the orc priest but do no damage.
The orc misses you. The endoplasm freezes you.
You are frozen.
* * * LOW HITPOINT WARNING * * *
The orc priest hits you with a +0 whip.
You die...

#..<....... #....######
#.....# ########## #.....#
#.........
#.....############.########
#........#.........#
######...#.........#
#..>#.....oJo.######).
#.........@ooo........
#....#########w#####.#
#...## ............$.#
#.#.# ...o...r......# #...#
.........J....# ##..#
.o.o..........# ##.#
..o...........# #.#
.o.......###### .........#


You could see a worm, an orc priest, an orc wizard, 3 orcs and an endoplasm.

Vanquished Creatures
  A ball python (D:2)
  3 endoplasms (D:1)
  2 giant cockroaches (D:1)
  5 goblins (D:1)
  4 hobgoblins (D:1)
  3 kobolds (D:1)
  2 bats (D:1)
  A rat (D:2)
21 creatures vanquished.

Notes
Turn   | Place    | Note
-------+----------+-------------------------------------------
     0 | D:1      | Babbit the Spriggan Artificer began the quest for the Orb.
     0 | D:1      | Reached XP level 1. HP: 9/9 MP: 2/2
   100 | D:1      | Found a large runed translucent door.
   100 | D:1      | Found a large runed translucent door.
   100 | D:1      | Found a corrupted altar of Lugonu.
   100 | D:1      | Noticed a crimson imp
   101 | D:1      | Noticed a crimson imp
   101 | D:1      | Noticed an iron imp
   102 | D:1      | Noticed a crimson imp
   103 | D:1      | Noticed a quasit
   107 | D:1      | Noticed a crimson imp
   108 | D:1      | Reached XP level 2. HP: 5/14 MP: 3/3
   131 | D:1      | Noticed a crimson imp
   137 | D:1      | Noticed a crimson imp
   146 | D:1      | Found a one-way gate to the infinite horrors of the Abyss.
   443 | D:1      | Found Tantom's Armour Shoppe.
  1252 | D:2      | Slain by an orc priest

Illustrated notes

Levels and vault maps discovered:
D:1:      erik_arrival_cave_to_civilisation [erik_arrival_cave_to_temple],
          layout_basic, serial_shops, nicolae_shop_statue_plus,
          minmay_misc_feat_roman
D:2:      cheibrodos_pilgrimage, layout_rooms, basic_altar, serial_shops,
          nicolae_shop_trees, nicolae_ecumenical_oubliette

Skill      XL: |  1  2 |
---------------+-------+-----
Stealth        | 2 |  2.1
Fighting       | |  0.9
Dodging        | |  3.7
Evocations     | |  4.9

Action                     || total
---------------------------++-------
  Melee: Short sword       ||    30
  Evoke: Wand              ||    20
    Use: Scroll            ||     1
   Stab: Sleeping          ||     1
 Armour: Robe              ||     6
  Dodge: Dodged            ||    23
